 Dungeon Crawl Stone Soup version 0.26-b1-32-g5d43845318 (webtiles) character file.

Game seed: 17327186334862293169

113 kubb1977 the Covered (level 5, -4/42 HPs)
             Began as a Human Fighter on Jan 5, 2021.
             Slain by a gnoll
             ... wielding a +0 halberd
              (9 damage)
             ... on level 3 of the Dungeon.
             The game lasted 00:29:20 (2890 turns).

kubb1977 the Covered (Human Fighter)                Turns: 2890, Time: 00:29:21

Health: -4/42      AC:  7    Str: 16    XL:     5   Next: 17%
Magic:  1/5        EV:  7    Int:  9    God:
Gold:   150        SH:  9    Dex: 13    Spells: 4/4 levels left

rFire    . . .     SeeInvis .   a - +0 long sword
rCold    . . .     Faith    .   c - +0 kite shield
rNeg     . . .     Spirit   .   b - +0 scale mail
rPois    .         Reflect  .   (no helmet)
rElec    .         Harm     .   (no cloak)
rCorr    .         Rampage  .   (no gloves)
Will     .....                  (no boots)
Stlth    ..........             (no amulet)
HPRegen  0.14/turn              (no ring)
MPRegen  0.09/turn              (no ring)

@: no status effects
A: no striking features
a: no special abilities


You were on level 3 of the Dungeon.
You visited 1 branch of the dungeon, and saw 3 of its levels.

You collected 150 gold pieces.

Inventory:

Hand Weapons
 a - a +0 long sword (weapon)
 n - a +0 dagger
 q - a +0 dagger
 t - a +0 mace
 B - a +0 spear
Missiles
 l - 19 poisoned darts (quivered)
 p - 56 stones
Armour
 b - a +0 scale mail (worn)
 c - a +0 kite shield (worn)
 f - a +0 ring mail
 k - a +0 leather armour
 A - a +0 scale mail
Jewellery
 v - an uncursed ring of positive energy
 z - an uncursed ring of magical power {unknown}
Scrolls
 e - 4 scrolls of remove curse {unknown}
 j - a scroll of identify {unknown}
 r - a scroll of teleportation {unknown}
 s - a scroll of magic mapping {unknown}
 y - a scroll of fear {unknown}
Potions
 d - 2 potions of might
 g - a potion of magic {unknown}
 h - a potion of flight {unknown}
 i - a potion of heal wounds {unknown}
 m - 2 potions of haste {unknown}
 o - a potion of degeneration {unknown}
 u - 2 potions of curing {unknown}
 w - a potion of lignification {unknown}
 x - 2 potions of attraction {unknown}


   Skills:
 + Level 3.6 Fighting
 + Level 3.0 Long Blades
 + Level 3.7 Armour
 + Level 0.5 Dodging
 + Level 3.6 Shields


You had 4 spell levels left.
You didn't know any spells.
Your spell library was empty.

Dungeon Overview and Level Annotations

Branches:
Dungeon (3/15)

Altars:
Fedhas
Gozag
Kikubaaqudgha
Nemelex Xobeh

Annotations:
D:3 1 runed translucent door


Message History

You completely miss the goblin.
The gnoll hits you from afar with a +0 antimagic spear.
You feel your power leaking away. You block the gnoll's attack.
The goblin barely misses you.
You riposte.
You slash the goblin!
You kill the goblin!
The gnoll hits you from afar with a +0 antimagic spear.
You feel your power leaking away.
You block the gnoll's attack. x2; The gnoll barely misses you.
You riposte.
You barely miss the gnoll. You hit the gnoll but do no damage.
The gnoll hits you with a +0 spear. The gnoll hits you but does no damage.
The gnoll hits you from afar with a +0 halberd!
* * * LOW HITPOINT WARNING * * *
You closely miss the gnoll. You block the gnoll's attack.
The gnoll hits you with a +0 antimagic spear.
* * * LOW HITPOINT WARNING * * *
You feel your power leaking away.
The gnoll hits you from afar with a +0 halberd!
You die...

.# .#
..#........# ##
...........# ..
#...!.....# #.#
#.#.........#
...##. #........#
#...?. #........#
##....##..g.gg..#
S+..........@.#
#.....?..#
#........#
#........#
#........# #
#........#
..#........#
#.#........#
#.#........#


You could see 3 gnolls.

Vanquished Creatures
  5 adders
  2 oozes
  3 dart slugs
  2 leopard geckos
  A ball python (D:1)
  9 bats
  2 giant cockroaches (D:1)
  3 goblins
  8 hobgoblins
  4 jackals (D:1)
  A quokka (D:2)
  2 frilled lizards
  5 kobolds
  3 rats
50 creatures vanquished.

Vanquished Creatures (others)
  5 plants (D:3)
  7 withered plants (D:3)
12 creatures vanquished.

Grand Total: 62 creatures vanquished

Notes
Turn   | Place    | Note
-------+----------+-------------------------------------------
     0 | D:1      | kubb1977 the Human Fighter began the quest for the Orb.
     0 | D:1      | Reached XP level 1. HP: 18/18 MP: 1/1
   112 | D:1      | Reached XP level 2. HP: 24/24 MP: 2/2
   234 | D:1      | Found a sparkling altar of Nemelex Xobeh.
   521 | D:1      | Reached XP level 3. HP: 29/29 MP: 3/3
  1492 | D:2      | You fall into a shaft and drop 1 floor!
  1574 | D:2      | Reached XP level 4. HP: 34/35 MP: 4/4
  2265 | D:2      | Reached XP level 5. HP: 41/41 MP: 5/5
  2285 | D:2      | Found an opulent altar of Gozag.
  2729 | D:3      | Found an ancient bone altar of Kikubaaqudgha.
  2730 | D:3      | Found a blossoming altar of Fedhas.
  2880 | D:3      | Found a runed translucent door.
  2890 | D:3      | Slain by a gnoll

Illustrated notes

Levels and vault maps discovered:
D:1:      dpeg_arrival_line_fractal, layout_loops_ring,
          nemelex_xobeh_ov_fountains_minmay
D:2:      layout_loops_corners, grunt_gozag_statues,
          chequers_serial_rivers_micro_d, minmay_heptomino_o4
D:3:      layout_basic, grunt_temple_overflow_growth_and_decay,
          ebering_ghost_sewer_d, gup_sewer_entry_bowl, fedhas_altar_fruit_tree,
          uniq_natasha, uniq_sigmund

Skill      XL: |  1  2  3  4  5 |
---------------+----------------+-----
Long Blades    | 3 |  3.0
Fighting       | |  3.6
Armour         | |  3.7
Dodging        | |  0.5
Shields        | |  3.6

Action                   |  1- 3 |  4- 6 || total
-------------------------+-------+-------++-------
Melee: Long sword        |   108 |   120 ||   228
Armor: Scale mail        |    54 |    23 ||    77
       Ring mail         |    34 |    19 ||    53
Dodge: Dodged            |    58 |    36 ||    94
Block: Kite shield       |    95 |    50 ||   145
       Rpst.: Long sword |    17 |    10 ||    27
